 Dungeon Crawl Stone Soup version 0.22-a0-135-g6f012ad (webtiles) character file.

9 sankara the Grave Robber (level 2, 17/19 HPs)
             Began as a Demonspawn Necromancer on Feb 1, 2018.
             Got out of the dungeon alive.
             The game lasted 00:02:05 (414 turns).

sankara the Grave Robber (Demonspawn Necromancer)    Turns: 414, Time: 00:02:06

Health: 17/19      AC:  4    Str:  8    XL:     2   Next: 3%
Magic:  3/5        EV: 12    Int: 16    God:
Gold:   0          SH:  0    Dex: 13    Spells: 3/5 levels left

rFire    . . .     SeeInvis .   j - -3 whip (curse)
rCold    . . .     Gourm    .   (no shield)
rNeg     . . .     Faith    .   a - +0 robe
rPois    .         Spirit   .   (no helmet)
rElec    .         Reflect  .   (no cloak)
rCorr    .         Harm     .   (no gloves)
MR       .....                  (no boots)
Stlth    ++........             (no amulet)
HPRegen  0.06/turn              (no ring)
MPRegen  0.09/turn              (no ring)

@: no status effects
A: thin metallic scales 1
a: no special abilities


You escaped.
You were not hungry.

You visited 1 branch of the dungeon, and saw 1 of its levels.

Inventory:

Hand Weapons
 j - a cursed -3 whip (weapon)
Missiles
 e - 75 stones (quivered)
Armour
 a - a +0 robe (worn)
Potions
 g - a potion of magic {unknown}
 h - a potion of resistance {unknown}
Books
 b - a book of Necromancy

   Spells                             Type                      Level
   a - Pain                           Necromancy                   1
   b - Animate Skeleton               Necromancy                   1
   c - Vampiric Draining              Necromancy                   3
   d - Regeneration                   Charms/Necromancy            3
   e - Animate Dead                   Necromancy                   4
Comestibles
 c - 2 rations


   Skills:
 - Level 1.7 Dodging
 - Level 1.7 Stealth
 + Level 2.3 Spellcasting
 + Level 4.6 Necromancy


You had 3 spell levels left.
You knew the following spells:

 Your Spells              Type           Power        Failure   Level  Hunger
a - Pain                  Necr           ###.         3%          1    #......
b - Animate Skeleton      Necr           N/A          3%          1    #......


Dungeon Overview and Level Annotations

Branches:
Dungeon (1/15)

Altars:


Innate Abilities, Weirdness & Mutations

You are partially covered in thin metallic scales. (AC +2)


Message History

Press: ? - help, Shift-Dir - straight line, f - hobgoblin
Aim: a hobgoblin (chance to defeat MR: 87%)
The hobgoblin barely resists.
Casting: Pain (safe; 3% risk of failure)
Confirm with . or Enter, or press ? or * to list all spells.
Aiming: Pain (safe; 3% risk of failure)
Press: ? - help, Shift-Dir - straight line, f/p - hobgoblin
Aim: a hobgoblin (chance to defeat MR: 87%)
The hobgoblin writhes in agony!
You kill the hobgoblin!
You have reached level 2!
Your demonic ancestry asserts itself...
Thin metallic scales grow over part of your body.
A kobold comes into view.
The kobold throws a stone.
The stone barely misses you.
You see here a stone.
You see here 14 bolts.
There is a staircase leading out of the dungeon here.
Are you sure you want to leave the Dungeon?
This will make you lose the game!
You have escaped!

#.K......#.# #.#######.#.##.#
##(#####...#
##.####.....#...# #.# ##.##
#.......##.#.#..# #.# #.#
#..#######.#.#... #.# ###.#
#..# #.#.#..# #.# #...#
##..#### #...#..#
#.####.#.###.##...#####.###r#
#..(..###.##.####.#.......#..
######.#.###@# #.#.......#.#
#..# #.# #.#.......#.# #..#
#.# #.#.......#.# #..# #.#
#.#.........# #..# #.#
#.###.#####.# #).#
#.####.#...# #... #..#
#.........#####...
#..#####....#...........
#........#........######


There were no monsters in sight!

Vanquished Creatures
  A goblin (D:1)
  3 hobgoblins (D:1)
  2 kobolds (D:1)
  A frilled lizard (D:1)
  A rat (D:1)
8 creatures vanquished.

Notes
Turn   | Place    | Note
-------+----------+-------------------------------------------
     0 | D:1      | sankara the Demonspawn Necromancer began the quest for the Orb.
     0 | D:1      | Reached XP level 1. HP: 13/13 MP: 3/3
    45 | D:1      | Learned a level 1 spell: Animate Skeleton
   379 | D:1      | Gained mutation: You are partially covered in thin metallic scales. (AC +2) [demonic ancestry]
   379 | D:1      | Reached XP level 2. HP: 16/19 MP: 0/5
   414 | D:$      | Got out of the dungeon alive.

Vault maps used:
D:1:      dpeg_arrival_tiny_j, st_stairs_14, minmay_crystal_room,
          hangedman_abyss_or_decor_stabs, minmay_misc_feat_nine_boxes,
          minmay_tromino_i4

Action                   || total
-------------------------++-------
 Cast: Pain              ||    13
       Animate Skeleton  ||     1
  Use: Scroll            ||     2
Dodge: Dodged            ||     2

Table legend:
 A = Spawn XP
 B = Non-spawn XP
 C = Spawn XP percentage of total XP
 D = Spawn monster count
 E = Non-spawn monster count
 F = Spawn count percentage of total count
 G = Total turns spent on level
                    A         B        C        D         E        F      G
               +---------+---------+-------+---------+---------+-------+---------
         Total |       0 |      13 |   0.0 |       0 |       8 |   0.0 |   414
               +---------+---------+-------+---------+---------+-------+---------
           D:1 |       0 |      13 |   0.0 |       0 |       8 |   0.0 |   414
               +---------+---------+-------+---------+---------+-------+---------
